 Dungeon Crawl Stone Soup version 0.30.0-17-ge0270778cf (webtiles) character file.

Game seed: 3223356322107725582

29245 croobank the Jinx (level 12, -10/145 HPs)
             Began as a Demigod Fire Elementalist on May 21, 2023.
             Mangled by a skyshark (21 damage)
             ... on level 3 of the Lair of Beasts.
             The game lasted 01:51:41 (21597 turns).

croobank the Jinx (Demigod Fire Elementalist)      Turns: 21597, Time: 01:51:41

Health: -10/145    AC: 13    Str:  9    XL:     12   Next: 82%
Magic:  4/26       EV: 14    Int: 33    God:
Gold:   1128       SH:  0    Dex: 14    Spells: 9/24 levels left

rFire   . . .        O - +3 scimitar (flame)
rCold   . . .        (no shield)
rNeg    . . .        G - +0 troll leather armour
rPois   .            A - +1 helmet
rElec   .            T - +1 cloak
rCorr   +            F - +1 pair of gloves
SInv    .            h - +2 pair of boots
Will    +....        R - amulet of regeneration Stlth
                     B - ring of resist corrosion
HPRegen 2.04/turn    (no ring)
MPRegen 0.20/turn

%: no passive effects
@: berserking, very slightly contaminated, very quick
A: high MP 1, forlorn, divine attributes
a: no special abilities


You were on level 3 of the Lair of Beasts.
You visited 2 branches of the dungeon, and saw 15 of its levels.
You also visited: Sewer.

You collected 1183 gold pieces.
You spent 55 gold pieces at shops.

Inventory:

Hand Weapons
 a - a +2 short sword of speed
 c - the +12 battleaxe of Chagrin {speed, rPois Str+3 Dex-2}
   (You found it on level 9 of the Dungeon)

   Str:       It affects your strength (+3).
   Dex:       It affects your dexterity (-2).
   rPois:     It protects you from poison.
 M - a +4 hand axe of freezing
 O - a +3 scimitar of flaming (weapon)
 S - a +3 dagger of freezing
Missiles
 f - 4 javelins
 s - 2 throwing nets
 K - 3 curare-tipped darts
 L - 16 boomerangs of dispersal
Armour
 e - a +0 buckler
 h - a +2 pair of boots (worn)
 i - a +0 robe
 A - a +1 helmet (worn)
 F - a +1 pair of gloves (worn)
 G - a +0 troll leather armour (worn)
 T - a +1 cloak (worn)
Magical Staves
 v - a staff of conjuration
 x - a staff of fire
 z - a staff of air
Jewellery
 B - a ring of resist corrosion (left hand)
 R - an amulet of regeneration (around neck)
 W - the macabre finger necklace {Finger+ rN+}
   (You found it on level 10 of the Dungeon)

   [amulet of nothing]

   Finger+:   It enables you to equip an extra ring.
   rN:        It protects you from negative energy.
Wands
 b - a wand of iceblast (3)
 t - a wand of charming (18)
 E - a wand of light (4) (quivered)
 J - a wand of digging (3)
 Q - a wand of mindburst (23)
 U - a wand of flame (13)
Scrolls
 g - a scroll of torment
 j - 2 scrolls of immolation
 l - a scroll of magic mapping
 o - a scroll of poison
 q - 3 scrolls of amnesia
 w - 7 scrolls of teleportation
 y - 6 scrolls of blinking
 C - a scroll of brand weapon
 I - 3 scrolls of vulnerability
 N - 4 scrolls of identify
 P - 3 scrolls of fear
Potions
 d - 3 potions of attraction
 k - 2 potions of flight
 m - 3 potions of resistance
 n - a potion of mutation
 p - 5 potions of might
 r - a potion of berserk rage
 u - 4 potions of ambrosia
 D - 2 potions of invisibility
 H - 7 potions of curing
 X - 2 potions of lignification
 Y - 4 potions of brilliance
 Z - a potion of heal wounds
Miscellaneous
 V - a phantom mirror


   Skills:
 - Level 6.8 Fighting
 - Level 7.2 Dodging
 - Level 7.8 Stealth
 - Level 6.7 Spellcasting
 - Level 7.0 Conjurations
 - Level 10.8 Hexes
 + Level 4.9 Transmutations
 - Level 7.6 Fire Magic


You had 9 spell levels left.
You knew the following spells:

 Your Spells              Type           Power      Damage    Failure   Level
a - Foxfire               Conj/Fire      100%       2x1d9     1%          1
b - Scorch                Fire           100%       2d9       1%          2
c - Inner Flame           Hex/Fire       64%        N/A       1%          3
d - Flame Wave            Conj/Fire      56%        2d13      2%          4
e - Irradiate             Conj/Tmut      25%        3d20      14%         5

Your spell library contained the following spells:

 Spells                   Type           Power      Damage    Failure   Level
 Sticky Flame             Conj/Fire      56%        2d7       2%          4
 Ignite Poison            Fire/Tmut/Pois 38%        N/A       3%          3
 Volatile Blastmotes      Fire/Tloc      72%        2d16      3%          3
 Fireball                 Conj/Fire      28%        3d12      8%          5
 Cigotuvi's Dreadful Rot  Necr/Pois/Air  22%        N/A       9%          2
 Sublimation of Blood     Necr           11%        N/A       9%          2
 Iskenderun's Battlesphe  Conj           55%        2d11      9%          5
 Petrify                  Tmut/Erth      27%        N/A       21%         4
 Freezing Cloud           Conj/Ice/Air   13%        6-21      52%         5
 Conjure Ball Lightning   Conj/Air       17%        3x3d6     90%         6
 Orb of Destruction       Conj           27%        9d9       95%         7
 Ignition                 Fire           28%        3d9       100%        8


Dungeon Overview and Level Annotations

Branches:
Dungeon (12/15)            Temple (0/1) D:4            Lair (3/5) D:8
 Shoals (0/4) Lair:2        Snake (0/4) Lair:2        Sewer (visited)
    Orc: D:9-12

Shops:
D:2 *   D:9 (

Portals:
Abyss: D:3

Annotations:
D:3 2 transporters, hattop's ghost, amateur DrTm
D:5 exclusion: statue


Innate Abilities, Weirdness & Mutations

You have an increased reservoir of magic. (+10% MP)
You shall have no god before yourself.
Your divine heritage dramatically boosts your attributes as you level up.


Message History

The skyshark completely misses you.
The skyshark tail-slaps you but does no damage. x2
You completely miss the skyshark.
The skyshark is heavily wounded.
The skyshark bites you!! The skyshark closely misses you.
The skyshark barely misses you.
The skyshark bites you but does no damage.
The skyshark tail-slaps you but does no damage. x2
You slash the skyshark! You burn the skyshark.
The skyshark is severely wounded.
The skyshark barely misses you. x2; The skyshark misses you.
You slice the skyshark!! You burn the skyshark.
The skyshark is almost dead.
The skyshark bites you!
* * * LOW HITPOINT WARNING * * *
The skyshark tail-slaps you but does no damage.
The skyshark misses you.
You closely miss the skyshark.
The skyshark is almost dead.
The skyshark bites you!
* * * LOW HITPOINT WARNING * * *
The skyshark tail-slaps you!
* * * LOW HITPOINT WARNING * * *
The skyshark tail-slaps you but does no damage.
The skyshark bites you but does no damage.
The skyshark tail-slaps you.
* * * LOW HITPOINT WARNING * * *
The skyshark tail-slaps you.
* * * LOW HITPOINT WARNING * * *
You slash the skyshark! You burn the skyshark.
The skyshark is almost dead.
The skyshark barely misses you.
The skyshark tail-slaps you but does no damage.
The skyshark barely misses you.
You closely miss the skyshark.
The skyshark is almost dead.
The skyshark misses you.
The skyshark tail-slaps you but does no damage.
The skyshark closely misses you. The skyshark bites you!!
You die...

....................##
....
.....................##
..
............°.°.........
.....................#.#
..#...........°.........
..#........#..†.........
..P.........#†.....P....
.. ..........†....P...
..............†.@l.##.
.............#......#
........?...............
B.......................
<.......................
.......................$
..#... ..............#..
...... ................
#####.


You could see a skyshark (berserk).

Vanquished Creatures
  2 hydras
  A boulder beetle (Lair:3)
  A catoblepas (D:11)
  2 two-headed ogres
  A deep elf pyromancer (D:10)
  2 manticores
  2 cyclopes (D:11)
  4 elephants
  Maurice (D:8)
  Joseph (D:9)
  6 cane toads
  An ice statue (D:10)
  A gargoyle (D:12)
  4 komodo dragons
  An unseen horror zombie (D:8)
  3 rime drakes
  A kobold demonologist (D:10)
  7 ice devils (D:10)
  2 trolls
  A hornet (D:9)
  A wind drake (Lair:2)
  A polar bear (Lair:2)
  11 blink frogs
  A vampire (D:11)
  21 yaks
  2 wyverns
  4 basilisks
  4 vampire mosquitoes (D:11)
  Menkaure (D:5)
  3 nagas (Lair:2)
  Duvessa (D:6)
  5 water moccasins
  2 orc warriors
  An ice beast (D:6)
  2 black bears
  4 sky beasts
  5 wolves
  3 ogres
  4 centaurs
  A phantom (D:7)
  5 kobold brigands
  12 bullfrogs
  4 scorpions
  A gnoll sergeant (D:8)
  11 wights
  Dowan (D:7)
  26 killer bees
  8 electric eels
  2 centaur zombies (D:8)
  2 lava snakes (Lair:3)
  3 jellies
  7 hounds
  6 orc priests
  A gnoll bouda (D:5)
  3 iguanas
  14 orc wizards
  A malarious merfolk avatar (Sewer)
  A sickly merfolk siren (Sewer)
  A howler monkey zombie (D:8)
  Robin (D:3)
  18 gnolls
  9 adders
  4 river rats
  2 white imps
  5 ufetubi (D:10)
  2 worms
  2 dart slugs
  31 orcs
  7 bats
  4 endoplasms
  A giant cockroach (D:3)
  14 hobgoblins
  5 jackals
  23 kobolds
  7 quokkas
  14 ball pythons
  3 frilled lizards (Sewer)
  9 goblins
  29 rats
420 creatures vanquished.

Vanquished Creatures (collateral kills)
  12 foxfires
12 creatures vanquished.

Vanquished Creatures (others)
  1149 foxfires
1149 creatures vanquished.

Grand Total: 1581 creatures vanquished

Notes
Turn   | Place    | Note
-------+----------+-------------------------------------------
     0 | D:1      | croobank the Demigod Fire Elementalist began the quest for
                  | the Orb.
     0 | D:1      | Reached XP level 1. HP: 14/14 MP: 5/5
    68 | D:1      | Reached skill level 1 in Conjurations
   477 | D:1      | Reached XP level 2. HP: 20/20 MP: 4/7
   482 | D:1      | Learned a level 2 spell: Scorch
  1325 | D:2      | Reached skill level 1 in Fighting
  1431 | D:2      | Found Nezyelu's Assorted Antiques.
  1437 | D:2      | Bought a silvery potion for 17 gold pieces
  1437 | D:2      | Bought a scroll labelled CINO LADYA for 19 gold pieces
  1437 | D:2      | Bought a scroll labelled ESEC IPLULYRIHE for 19 gold pieces
  1696 | D:3      | Reached XP level 3. HP: 28/28 MP: 8/8
  1775 | D:3      | Noticed a small abomination
  1788 | D:3      | Found a transporter.
  1806 | D:3      | Found a one-way gate to the infinite horrors of the Abyss.
  1806 | D:3      | Noticed hattop's ghost (amateur DrTm)
  1899 | D:4      | Learned a level 3 spell: Inner Flame
  1993 | D:4      | Found a staircase to the Ecumenical Temple.
  2175 | D:4      | Reached XP level 4. HP: 35/35 MP: 1/10
  2293 | D:3      | Found a transporter.
  2303 | D:3      | Noticed Robin
  2395 | D:3      | Killed Robin
  3057 | D:3      | Reached XP level 5. HP: 40/40 MP: 2/11
  4203 | D:5      | Entered Level 5 of the Dungeon
  4203 | D:5      | Found a glowing drain.
  4225 | Sewer    | Entered a sewer
  4409 | Sewer    | Reached XP level 6. HP: 48/48 MP: 8/13
  5321 | D:5      | Noticed Menkaure
  5329 | D:5      | Killed Menkaure
  5330 | D:5      | Reached XP level 7. HP: 42/56 MP: 5/15
  5836 | D:4      | Reached skill level 1 in Hexes
  6028 | D:5      | Reached skill level 2 in Hexes
  6028 | D:5      | Reached XP level 8. HP: 54/63 MP: 8/16
  6224 | D:5      | Reached skill level 3 in Hexes
  6602 | D:6      | Reached skill level 4 in Hexes
  6799 | D:6      | Reached skill level 5 in Hexes
  7000 | D:6      | Reached skill level 6 in Hexes
  7461 | D:6      | Reached skill level 7 in Hexes
  7946 | D:7      | Reached XP level 9. HP: 70/70 MP: 14/18
  8044 | D:7      | Learned a level 4 spell: Flame Wave
  8148 | D:7      | Reached skill level 8 in Hexes
  8562 | D:7      | Noticed Duvessa
  8582 | D:7      | Noticed Dowan
  8589 | D:7      | Killed Dowan
  8594 | D:6      | Killed Duvessa
  8596 | D:6      | Reached skill level 9 in Hexes
  9617 | D:8      | Reached skill level 10 in Hexes
 10042 | D:8      | Reached XP level 10. HP: 77/77 MP: 10/19
 10178 | D:8      | Found a staircase to the Lair.
 11662 | D:9      | Reached skill level 5 in Fire Magic
 11771 | D:9      | Noticed Maurice
 11782 | D:8      | Killed Maurice
 11783 | D:8      | Reached skill level 5 in Stealth
 12220 | D:9      | Noticed Joseph
 12232 | D:9      | Killed Joseph
 12244 | D:9      | Noticed a two-headed ogre
 12254 | D:9      | Killed a two-headed ogre
 12255 | D:9      | Reached skill level 5 in Dodging
 12534 | D:9      | Found Zeyser's Weapon Boutique.
 12622 | D:9      | Identified the +12 battleaxe of Chagrin {speed, rPois Str+3
                  | Dex-2}
 12767 | D:10     | Entered Level 10 of the Dungeon
 12774 | D:10     | Found the macabre finger necklace {Finger+ rN+}
 12802 | D:10     | Noticed an ice statue
 12812 | D:10     | Reached XP level 11. HP: 85/85 MP: 0/22
 12972 | D:10     | Upgraded the game from 0.30.0-16-gbe6223bb7e to
                  | 0.30.0-17-ge0270778cf
 13815 | D:10     | Reached skill level 5 in Spellcasting
 13815 | D:10     | Reached skill level 5 in Conjurations
 14160 | D:10     | Reached skill level 5 in Fighting
 14332 | D:10     | Noticed a deep elf pyromancer
 14340 | D:10     | Killed a deep elf pyromancer
 14924 | D:11     | Noticed a catoblepas
 15289 | D:11     | Killed a catoblepas
 15970 | D:11     | Noticed a two-headed ogre
 15980 | D:11     | Killed a two-headed ogre
 16793 | Lair:1   | Entered Level 1 of the Lair of Beasts
 17321 | Lair:1   | Reached XP level 12. HP: 69/96 MP: 9/25
 19518 | Lair:2   | Noticed a four-headed hydra
 19526 | Lair:2   | Killed a two-headed hydra
 19946 | Lair:2   | Found a staircase to the Snake Pit.
 19956 | Lair:2   | Found a staircase to the Shoals.
 20089 | Lair:2   | Reached skill level 1 in Transmutations
 20557 | Lair:3   | Learned a level 5 spell: Irradiate
 20589 | Lair:3   | Noticed a boulder beetle
 20604 | Lair:3   | Noticed an eight-headed hydra
 20759 | Lair:3   | Killed a boulder beetle
 21444 | Lair:3   | Killed a seven-headed hydra
 21595 | Lair:3   | HP: 7/145 [skyshark (4)]
 21597 | Lair:3   | Mangled by a skyshark

Illustrated notes

Levels and vault maps discovered:
D:1:      onia_arrival_pyramid, layout_basic,
          ebering_ecumenical_altar_abandoned, roderic_three_in_a_row
D:2:      layout_rooms, serial_shops, shop, minmay_misc_feat_encased
D:3:      layout_loops_cross, gammafunk_ghost_abyssal_escape,
          kennysheep_generic_room_6, uniq_robin
D:4:      layout_gridville, minmay_temple_entry_mist, palyth_stone_intersect
D:5:      layout_rooms, vehumet_statue, nicolae_qazlal_beasts_of_the_sky,
          mainiacjoe_overflow_tiny_flanked, portal_sewer_entry_a,
          hangedman_glass_teeth, uniq_menkaure
D:6:      layout_cave_pods, lemuel_doored_altar, amcnicky_altar_gilded,
          minmay_unpleasant_kobolds
D:7:      layout_cave_pools, uniq_duvessa
D:8:      layout_cave_pools, marbit_many_paths, erik_lair_island, serial_undead,
          serial_undead_e, serial_undead_c, serial_undead_c, serial_undead_b,
          minmay_orc_keep
D:9:      layout_rooms, nicolae_ru_great_annihilating_truth, serial_shops, shop,
          corexii_leaking_fountain, minmay_increasing_density, uniq_joseph,
          uniq_maurice
D:10:     cheibrodos_frozen_isle, layout_basic, minitemple, kennysheep_potato
D:11:     nzn_motion_control, layout_loops_ring
D:12:     minmay_blocky_corners, layout_cave_pools, hiddenorc2_lemuel,
          uniq_erolcha
Lair:1:   layout_small_grid, infiniplex_staircase_pool
Lair:2:   layout_hall_layers, minmay_shoals_entry_beasts,
          guppyfry_snake_entry_island, small_statue_intersection,
          lemuel_fruit_fields, grunt_megastairs_3
Lair:3:   layout_gridlike, basic_altar, nicolae_lair_liquid_snakes

Skill      XL: |  1  2  3  4  5  6  7  8  9 10 11 12 |
---------------+-------------------------------------+-----
Conjurations   | 1 2 3 4 6 7 |  7.0
Stealth        | 2 3 4 5 7 |  7.8
Dodging        | 2 3 5 6 7 |  7.2
Spellcasting   | 2 3 4 6 |  6.7
Fighting       | 1 2 3 4 6 |  6.8
Fire Magic     | 3 4 5 6 7 |  7.6
Hexes          | 2 7 10 | 10.8
Transmutations | 4 |  4.9

Action                     |  1- 3 |  4- 6 |  7- 9 | 10-12 || total
---------------------------+-------+-------+-------+-------++-------
  Melee: Unarmed           |     6 |       |       |       ||     6
         Short sword       |     3 |    14 |       |    82 ||    99
         Dagger            |       |    38 |     2 |       ||    40
         Staff             |       |       |     1 |       ||     1
         Punch             |       |       |       |     5 ||     5
         Scimitar          |       |       |       |    32 ||    32
         Battleaxe         |       |       |       |    17 ||    17
  Throw: Dart              |       |       |       |     1 ||     1
   Cast: Foxfire           |    66 |    91 |   141 |   370 ||   668
         Scorch            |     8 |    45 |    88 |   214 ||   355
         Inner Flame       |       |       |     4 |    58 ||    62
         Flame Wave        |       |       |     6 |    28 ||    34
         Irradiate         |       |       |       |     1 ||     1
  Evoke: Wand              |       |       |       |     8 ||     8
    Use: Scroll            |     2 |    11 |     9 |    12 ||    34
         Potion            |       |       |     1 |    13 ||    14
   Stab: Sleeping          |     1 |     1 |       |     5 ||     7
         Invisible         |       |       |       |     2 ||     2
 Armour: Robe              |     3 |    20 |    21 |    73 ||   117
         Troll leather arm |       |       |       |   106 ||   106
  Dodge: Dodged            |     5 |    43 |    48 |   291 ||   387
